 Seeded DCSS version 0.29.1-15-g9cfb28693d (webtiles) character file.

Game seed: 1 (custom seed)

623 Kazon the Ducker (level 7, 0/50 HPs)
             Began as an Octopode Transmuter on Mar 23, 2023.
             Slain by an ufetubus (4 damage)
             ... on level 5 of the Dungeon.
             The game lasted 00:20:24 (2845 turns).

Kazon the Ducker (Octopode Transmuter)              Turns: 2845, Time: 00:20:25

Health: 0/50       AC:  1    Str: 12    XL:     7   Next: 46%
Magic:  10/11      EV: 19    Int: 17    God:
Gold:   314        SH:  0    Dex: 12    Spells: 6/12 levels left

rFire   . . .      SeeInvis +   e - +2 dagger (venom)
rCold   . . .      Faith    .   (no shield)
rNeg    + . .      Spirit   .   (helmet restricted)
rPois   +          Reflect  .   d - amulet of the acrobat
rElec   .          Harm     .   c - ring "Isythot" {rPois EV+4 Int+2 SInv}
rCorr   .          Rampage  .   o - ring of positive energy
Will    .....                   (no ring)
Stlth   +++.......              (no ring)
HPRegen 0.16/turn               (no ring)
MPRegen 0.12/turn               (no ring)
                                (no ring)
                                (no ring)

@: wereblooded
A: almost no armour, amphibious, 8 rings, camouflage 1, gelatinous body 1,
(nimble swimmer 1), tentacles
a: no special abilities


You were on level 5 of the Dungeon.
You visited 1 branch of the dungeon, and saw 5 of its levels.

You collected 314 gold pieces.

Inventory:

Hand Weapons
 e - a +2 dagger of venom (weapon)
 s - a +1 long sword of protection
Missiles
 h - 24 stones (quivered)
 l - 5 boomerangs
 m - a throwing net
Jewellery
 c - the ring "Isythot" (left tentacle) {rPois EV+4 Int+2 SInv}
   (You acquired it on level 1 of the Dungeon)

   [ring of evasion]

   EV:        It affects your evasion (+4).
   Int:       It affects your intelligence (+2).
   rPois:     It protects you from poison.
   SInv:      It lets you see invisible.
 d - an amulet of the acrobat (around mantle)
 o - a ring of positive energy (right tentacle)
Wands
 v - a wand of mindburst (20)
Scrolls
 i - 9 scrolls of identify {unknown}
 k - a scroll of immolation {unknown}
 n - a scroll of fog {unknown}
 p - a scroll of poison {unknown}
 q - a scroll of magic mapping {unknown}
 r - a scroll of teleportation {unknown}
 t - a scroll of noise {unknown}
Potions
 a - a potion of ambrosia {unknown}
 b - 2 potions of berserk rage {unknown}
 f - a potion of flight {unknown}
 g - a potion of attraction {unknown}
 j - 2 potions of haste {unknown}
 u - 2 potions of lignification


   Skills:
 * Level 5.1 Fighting
 + Level 5.2(6.1) Short Blades
 + Level 4.5(5.7) Long Blades
 + Level 4.7 Throwing
 * Level 5.5 Dodging
 + Level 2.8 Stealth
 + Level 4.7 Shields
 + Level 3.7 Unarmed Combat
 + Level 3.2 Spellcasting
 + Level 3.2 Transmutations


You had 6 spell levels left.
You knew the following spells:

 Your Spells              Type           Power      Damage    Failure   Level
a - Beastly Appendage     Tmut           26%        N/A       4%          1
b - Wereblood             Tmut           13%        N/A       7%          2
c - Spider Form           Tmut/Pois      8%         N/A       26%         3

Your spell library contained the following spells:

 Spells                   Type           Power      Damage    Failure   Level
 Sting                    Tmut/Pois      32%        1d4       9%          1
 Apportation              Tloc           4%         N/A       17%         1
 Necrotise                Necr           8%         1d4       17%         1
 Summon Small Mammal      Summ           8%         N/A       17%         1
 Poisonous Vapours        Pois/Air       4%         N/A       26%         2
 Ice Form                 Ice/Tmut       8%         N/A       65%         4
 Olgreb's Toxic Radiance  Pois           2%         N/A       86%         4
 Fireball                 Conj/Fire      1%         3d3       99%         5
 Iskenderun's Battlesphe  Conj           2%         2d6       99%         5
 Conjure Ball Lightning   Conj/Air       1%         3x3d6     100%        6
 Orb of Destruction       Conj           1%         9d5       100%        7


Dungeon Overview and Level Annotations

Branches:
Dungeon (5/15)
 Temple: D:4-7

Altars:
Hepliaklqana

Shops:
D:3 (

Annotations:
D:5 Eustachio


Innate Abilities, Weirdness & Mutations

You cannot wear most types of armour.
You are amphibious.
You can wear up to eight rings at the same time.
Your skin changes colour to match your surroundings (Stealth+).
Your rubbery body absorbs attacks. (AC +1, EV +1)
((You are camouflaged when in or above water. (Stealth+)))
You have tentacles for arms and can constrict up to eight enemies at once.


Message History

You hit the gnoll.
The gnoll is poisoned.
You grab the gnoll.
The gnoll is moderately wounded.
You constrict the gnoll.
The centaur shoots an arrow.
The arrow barely misses you.
The arrow hits the gnoll.
The gnoll dies!
You hit the gnoll.
The gnoll is almost dead.
You constrict the gnoll, but do no damage.
You feel a bit better.
You kill the gnoll!
The centaur shoots an arrow.
The arrow hits you! The gnoll hits you with a +0 club.
You closely miss the gnoll. You grab the gnoll.
You squeeze the gnoll, but do no damage.
You constrict the gnoll, but do no damage.
The centaur shoots an arrow.
The arrow hits you!
* * * LOW HITPOINT WARNING * * *
The gnoll hits you with a +0 club!
* * * LOW HITPOINT WARNING * * *
You hit the gnoll.
The gnoll is poisoned.
You squeeze the gnoll!
The gnoll is almost dead.
You constrict the gnoll, but do no damage.
The centaur shoots an arrow.
The arrow barely misses you.
An ufetubus comes into view.
Unknown command.
You puncture the gnoll!
You feel a bit better.
You kill the gnoll!
You howl as the wereblood boils in your veins!
The centaur unwields a +0 shortbow.
The centaur misses you. x2
You barely miss the centaur. You squeeze the centaur!
The centaur is moderately wounded.
Eustachio the Magnificent comes into view.
He is wielding a +1 rapier of speed, wearing a +3 leather armour of cold resistance and carrying a wand of flame (14).
The centaur hits you.
* * * LOW HITPOINT WARNING * * *
The centaur kicks you but does no damage.
You hit the centaur but do no damage.
The centaur is poisoned.
You tentacle-slap the centaur.
The centaur is heavily wounded.
The ufetubus barely misses you. The ufetubus hits you.
You die...

#...## ..[
#....## ...#
#.....# #..#
#..... #..#
#. #....#..#
#..#...#...#
#.@.5..).#
#.c@.)#
####).##
##..# #..##
##..# #..##
##..##
#...#### #
##......#


You could see Eustachio, a centaur (very poisoned) and an ufetubus.

Vanquished Creatures
  3 scorpions (D:4)
  A hound (D:4)
  An orc priest (D:3)
  An iguana (D:4)
  Robin (D:3)
  5 gnolls
  6 adders
  3 worms
  5 orcs
  11 endoplasms
  A giant cockroach (D:1)
  16 goblins
  8 hobgoblins
  A jackal (D:4)
  4 kobolds
  A quokka (D:1)
  5 ball pythons
  4 bats
  3 frilled lizards
  6 rats
86 creatures vanquished.

Vanquished Creatures (others)
  A gnoll (D:5)
1 creature vanquished.

Grand Total: 87 creatures vanquished

Notes
Turn   | Place    | Note
-------+----------+-------------------------------------------
     0 | D:1      | Kazon the Octopode Transmuter began the quest for the Orb.
     0 | D:1      | Reached XP level 1. HP: 13/13 MP: 3/3
    34 | D:1      | Identified a scroll of acquirement
    34 | D:1      | Acquired the ring "Isythot" {rPois EV+4 Int+2 SInv}
   131 | D:1      | Reached XP level 2. HP: 15/18 MP: 3/5
   188 | D:1      | Learned a level 2 spell: Wereblood
   650 | D:2      | Reached XP level 3. HP: 11/23 MP: 4/6
  1222 | D:2      | Reached XP level 4. HP: 25/28 MP: 7/7
  1241 | D:2      | Reached skill level 1 in Stealth
  1338 | D:3      | Found Umat's Antique Weapon Boutique.
  1450 | D:3      | Noticed Robin
  1458 | D:3      | Killed Robin
  1459 | D:3      | Reached skill level 1 in Short Blades
  1461 | D:3      | Reached XP level 5. HP: 27/33 MP: 7/9
  1821 | D:3      | Reached skill level 5 in Fighting
  1821 | D:3      | Reached skill level 5 in Short Blades
  1821 | D:3      | Reached skill level 5 in Dodging
  1821 | D:3      | Reached XP level 6. HP: 45/45 MP: 10/10
  2095 | D:4      | Reached XP level 7. HP: 48/50 MP: 11/11
  2220 | D:4      | Found a hazy altar of Hepliaklqana.
  2301 | D:4      | Learned a level 3 spell: Spider Form
  2819 | D:5      | Entered Level 5 of the Dungeon
  2844 | D:5      | Noticed Eustachio
  2845 | D:5      | Slain by an ufetubus

Illustrated notes

Levels and vault maps discovered:
D:1:      dpeg_arrival_three_smaller_balls, layout_basic
D:2:      layout_loops_ring
D:3:      layout_basic, serial_shops, nicolae_shop_stone, st_stairs_9,
          minmay_misc_feat_doors, eino_curves_03, uniq_robin
D:4:      minmay_wonky_spiral, layout_basic,
          mainiacjoe_overflow_surrounded_room, minivault_5
D:5:      layout_cave_pods, uniq_menkaure, uniq_eustachio

Skill      XL: |  1  2  3  4  5  6 |
---------------+-------------------+-----
Stealth        | 1 2 |  2.8
Short Blades   | 1 5 |  5.2
Spellcasting   | 3 |  3.2
Transmutations | 3 |  3.2
Fighting       | 5 |  5.1
Long Blades    | 4 |  4.5
Throwing       | 4 |  4.7
Dodging        | 5 |  5.5
Shields        | 4 |  4.7
Unarmed Combat | |  3.7

Action                   |  1- 3 |  4- 6 |  7- 9 || total
-------------------------+-------+-------+-------++-------
Melee: Dagger            |    70 |    63 |    26 ||   159
       Constrict         |    15 |    21 |     5 ||    41
       Tentacles         |    12 |    17 |     7 ||    36
       Kick              |    11 |     6 |       ||    17
       Unarmed           |     1 |       |       ||     1
       Punch             |     2 |     3 |     1 ||     6
Throw: Stone             |       |    15 |     2 ||    17
 Cast: Beastly Appendage |    15 |     4 |       ||    19
       Wereblood         |     1 |     3 |     1 ||     5
  Use: Scroll            |     1 |       |       ||     1
       Potion            |       |     1 |       ||     1
 Stab: Sleeping          |     3 |     4 |     5 ||    12
       Distracted        |       |     1 |       ||     1
Armor: Skin              |     3 |     2 |     1 ||     6
Dodge: Dodged            |    39 |    44 |    22 ||   105
